 Dungeon Crawl Stone Soup version 0.26.0-10-g1f06aea511 (webtiles) character file.

Game seed: 3571603415292601248

13 CurlyBrace the Grasshopper (level 2, -3/13 HPs)
             Began as a Felid Warper on Jan 14, 2021.
             Slain by an ogre
             ... wielding a +0 giant spiked club
              (14 damage)
             ... on level 4 of the Dungeon.
             The game lasted 00:02:16 (148 turns).

CurlyBrace the Grasshopper (Felid Warper)            Turns: 148, Time: 00:02:17

Health: -3/13      AC:  5    Str:  7    XL:     2   Next: 24%
Magic:  5/6        EV: 18    Int: 14    God:
Gold:   41         SH:  0    Dex: 15    Spells: 3/5 levels left
                                        Lives:  0   Deaths: 0

rFire    . . .     SeeInvis +     - Unarmed
rCold    . . .     Faith    .   (shield unavailable)
rNeg     . . .     Spirit   .   (armour unavailable)
rPois    .         Reflect  .   (helmet unavailable)
rElec    .         Harm     .   (cloak unavailable)
rCorr    .         Rampage  .   (gloves unavailable)
Will     .....                  (boots unavailable)
Stlth    ++........             (no amulet)
HPRegen  0.04/turn              p - +4 ring of protection
MPRegen  0.10/turn              (no ring)

@: quick
A: very small, no armour, no weapons or thrown items, stealth, claws 1, fangs 3,
see invisible, speed 1, shaggy fur 1, sharp paws
a: no special abilities


You were on level 4 of the Dungeon.
You visited 1 branch of the dungeon, and saw 4 of its levels.

You collected 41 gold pieces.

Inventory:

Jewellery
 p - a +4 ring of protection (left paw)
   (You found it on level 3 of the Dungeon)
Scrolls
 z - a scroll of blinking
Potions
 q - a potion of curing


   Skills:
 - Level 2.0 Fighting
 - Level 3.2 Dodging
 + Level 1.4 Stealth
 * Level 2.7 Unarmed Combat
 - Level 2.0 Spellcasting
 - Level 4.4 Translocations


You had 3 spell levels left.
You knew the following spells:

 Your Spells              Type           Power        Failure   Level
a - Blink                 Tloc           N/A          6%          2

Your spell library contained the following spells:

 Spells                   Type           Power        Failure   Level
 Gell's Gravitas          Tloc           6%           12%         3
 Lesser Beckoning         Tloc           6%           12%         3
 Teleport Other           Tloc           13%          12%         3
 Passage of Golubria      Tloc           N/A          36%         4


Dungeon Overview and Level Annotations

Branches:
Dungeon (4/15)
 Temple: D:4-7

Altars:


Innate Abilities, Weirdness & Mutations

You cannot wear armour.
You are incapable of wielding weapons or throwing items.
Your paws allow you to move quietly. (Stealth)
You have sharp claws.
You have razor-sharp teeth.
You have supernaturally acute eyesight. (SInv)
You cover ground quickly.
You are covered in fur. (AC +1)
Your sharp claws are effective at attacking unaware monsters.


Message History

You have reached level 2!
a - a large peridot ring
a - a +4 ring of protection (left paw);
p - a +4 ring of protection (left paw)
There is a stone staircase leading down here.
You climb downwards.
There is a stone staircase leading up here.
Found 19 stones.
Okay, then.
Memorise Blink, consuming 2 spell levels and leaving 3?
You start memorising the spell.
You continue memorising. x2
You finish memorising.
Spell assigned to 'a'.
Casting: Blink (safe; 6% risk of failure)
Confirm with . or Enter, or press ? or * to list all spells.
You blink.
Unknown command.
An ogre comes into view. It is wielding a +0 giant spiked club.
Found a scroll labelled COMIEN NUSUDU.
The ogre hits you with a +0 giant spiked club!
Ouch! That really hurt!
You die...

#########
#....ยง..#
#.#####.#
#########.### #.#
#...........# #.#
##.#######.#.###.##
###.##...##
#.#.......
...?...@..#
#.......##
###.##O..##
###.##### # ##.##
#.. (.# #.# ###.#
#.# #.###.## #+#
#....... #####.##
#.# # #.#


You could see an ogre.

Vanquished Creatures
  An adder (D:3)
  A goblin (D:1)
  A hobgoblin (D:1)
  A frilled lizard (D:1)
  A kobold (D:1)
5 creatures vanquished.

Notes
Turn   | Place    | Note
-------+----------+-------------------------------------------
     0 | D:1      | CurlyBrace the Felid Warper began the quest for the Orb.
     0 | D:1      | Reached XP level 1. HP: 9/9 MP: 4/4
    98 | D:3      | Reached skill level 1 in Stealth
    98 | D:3      | Reached XP level 2. HP: 9/13 MP: 6/6
   130 | D:4      | Learned a level 2 spell: Blink
   145 | D:4      | Noticed an ogre
   148 | D:4      | Slain by an ogre

Illustrated notes

Levels and vault maps discovered:
D:1:      amcnicky_arrival_single_pillar, layout_basic
D:2:      layout_loops_ring
D:3:      layout_rooms
D:4:      layout_loops_corners, serial_shops, shop, kennysheep_generic_room_3,
          uniq_blork_the_orc

Skill      XL: |  1 |
---------------+----+-----
Stealth        | 1 |  1.4
Fighting       | |  2.0
Dodging        | |  3.2
Unarmed Combat | |  2.7
Spellcasting   | |  2.0
Translocations | |  4.4

Action                   || total
-------------------------++-------
Melee: Unarmed           ||    11
       Bite              ||     4
 Cast: Blink             ||     1
  Use: Potion            ||     1
 Stab: Sleeping          ||     2
Armor: Skin              ||     2
Dodge: Dodged            ||     4
